 Dungeon Crawl Stone Soup version 0.29-a0-1016-g236c7fd91e (webtiles) character file.

Game seed: 16868872291567400915

47 Manisian the Caller (level 3, -1/19 HPs)
             Began as a Tengu Summoner on Aug 9, 2022.
             Slain by a quokka (4 damage)
             ... on level 2 of the Dungeon.
             The game lasted 00:04:04 (1970 turns).

Manisian the Caller (Tengu Summoner)                Turns: 1970, Time: 00:04:04

Health: -1/19      AC:  2    Str:  8    XL:     3   Next: 70%
Magic:  1/8        EV: 12    Int: 17    God:
Gold:   90         SH:  0    Dex: 14    Spells: 1/7 levels left

rFire   . . .      SeeInvis .   (no weapon)
rCold   . . .      Faith    .   (no shield)
rNeg    . . .      Spirit   .   a - +0 robe
rPois   .          Reflect  .   (helmet restricted)
rElec   .          Harm     .   (no cloak)
rCorr   .          Rampage  .   (no gloves)
Will    .....                   (boots unavailable)
Stlth   ++........              (no amulet)
HPRegen 0.06/turn               j - ring of flight
MPRegen 0.11/turn               (no ring)

@: flying
A: beak, talons 3
a: no special abilities


You were on level 2 of the Dungeon.
You visited 1 branch of the dungeon, and saw 2 of its levels.

You collected 90 gold pieces.

Inventory:

Armour
 a - a +0 robe (worn)
Jewellery
 j - a ring of flight (left hand)
Scrolls
 f - 3 scrolls of identify
 k - a scroll of teleportation {unknown}
Potions
 b - 2 potions of magic
 c - 3 potions of degeneration
 d - a potion of ambrosia {unknown}
 e - a potion of attraction {unknown}
 g - a potion of haste {unknown}
 h - a potion of heal wounds
 i - a potion of lignification {unknown}


   Skills:
 + Level 2.3 Dodging
 + Level 2.0 Stealth
 + Level 2.8 Spellcasting
 + Level 5.6 Summonings


You had one spell level left.
You knew the following spells:

 Your Spells              Type           Power      Damage    Failure   Level
a - Summon Small Mammal   Summ           84%        N/A       1%          1
b - Call Imp              Summ           21%        N/A       2%          2
c - Call Canine Familiar  Summ           21%        N/A       5%          3

Your spell library contained the following spells:

 Spells                   Type           Power      Damage    Failure   Level
 Summon Guardian Golem    Hex/Summ       12%        N/A       17%         3
 Summon Lightning Spire   Summ/Air       12%        N/A       50%         4
 Fireball                 Conj/Fire      1%         3d3       99%         5
 Starburst                Conj/Fire      1%         6d3       100%        6
 Ignition                 Fire           1%         3d3       100%        8


Dungeon Overview and Level Annotations

Branches:
Dungeon (2/15)

Altars:


Innate Abilities, Weirdness & Mutations

You have a beak for a mouth.
You have claws for feet.


Message History

Your quokka closely misses the hound.
The hound bites your quokka.
The quokka bites your crimson imp but does no damage.
Your rat closely misses the hound.
Your crimson imp hits the hound.
Your quokka bites the hound.
The hound barely misses your quokka.
The quokka barely misses your crimson imp.
Your rat bites the hound but does no damage.
The hound barely misses your quokka.
Your crimson imp blinks!
Your quokka barely misses the hound.
The hound bites your quokka but does no damage.
Your quokka closely misses the hound.
Your rat misses the hound. The hound bites your quokka.
Your quokka dies!
Your quokka's corpse disappears in a puff of smoke!
The hound bites your rat.
Your rat closely misses the hound.
You closely miss the quokka. You claw the quokka. You peck the quokka.
The quokka is severely wounded.
The quokka misses you. The hound closely misses your rat.
The quokka barely misses you.
Your rat misses the hound. You barely miss the quokka.
Your kick misses the quokka.
The quokka is severely wounded.
The hound bites your rat.
Your rat dies!
Your rat's corpse disappears in a puff of smoke!
The quokka bites you.
Casting: Summon Small Mammal (safe; 1% risk of failure)
Confirm with . or Enter, or press ? or * to list all spells.
The hound bites you but does no damage. The quokka misses you.
Your crimson imp blinks!
Casting: Summon Small Mammal (safe; 1% risk of failure)
Confirm with . or Enter, or press ? or * to list all spells.
Your bat hits the quokka but does no damage.
The hound barely misses you.
Your bat hits the quokka but does no damage.
The quokka bites you.
* * * LOW HITPOINT WARNING * * *
The hound barely misses you.
Your crimson imp blinks!
The quokka attacks as you move away! The quokka bites you.
You die...

#####.#......##
.............##
...............
####.##..###†##
#######..##..# .#
#............# #
.#######§.##..###
........<........
.##....b5@.r..###.#
#######rh.§.# ###
#........ ...
......... .#
##..#.....
......... ##.#
#..##.##. .... #..#
.# ##.# #..#


You could see a hound (ally target), a quokka (ally target), a friendly crimson
imp (summoned), a friendly quokka (summoned) and a friendly bat (summoned).

Vanquished Creatures
  A giant cockroach (D:1)
  A goblin (D:1)
  2 quokkas
  A rat (D:1)
5 creatures vanquished.

Vanquished Creatures (collateral kills)
  An adder (D:2)
  A worm (D:2)
  7 ball pythons
  5 bats
  An endoplasm (D:2)
  2 giant cockroaches
  6 goblins
  2 kobolds
  A quokka (D:1)
  A rat (D:1)
27 creatures vanquished.

Grand Total: 32 creatures vanquished

Notes
Turn   | Place    | Note
-------+----------+-------------------------------------------
     0 | D:1      | Manisian the Tengu Summoner began the quest for the Orb.
     0 | D:1      | Reached XP level 1. HP: 10/10 MP: 4/4
     0 | D:1      | Noticed a white draconian
     0 | D:1      | Noticed an ice dragon
     1 | D:1      | Noticed a tentacled monstrosity
     2 | D:1      | Noticed a large abomination
     4 | D:1      | Noticed a large abomination
     6 | D:1      | Noticed a golden dragon
     8 | D:1      | Noticed a green draconian
     9 | D:1      | Noticed a shadow dragon
    11 | D:1      | Noticed an orb of fire
    11 | D:1      | Noticed a shadow dragon
    15 | D:1      | Noticed a large abomination
    15 | D:1      | Noticed a shadow dragon
    17 | D:1      | Noticed a large abomination
    17 | D:1      | Noticed a shadow dragon
    19 | D:1      | Noticed an iron dragon
    21 | D:1      | Noticed an iron dragon
    37 | D:1      | Reached skill level 5 in Summonings
    61 | D:1      | Found a faded altar of an unknown god.
   326 | D:1      | Reached XP level 2. HP: 15/15 MP: 4/6
   392 | D:1      | Learned a level 2 spell: Call Imp
  1231 | D:2      | Identified the +7 war axe "Neuhied" {vorpal, Int+3}
  1361 | D:2      | Reached XP level 3. HP: 19/19 MP: 4/7
  1844 | D:2      | Learned a level 3 spell: Call Canine Familiar
  1970 | D:2      | Slain by a quokka

Illustrated notes

Levels and vault maps discovered:
D:1:      shiori_arrival_whats_in_store_for_you, layout_loops_cross,
          basic_ecumenical_altar, grunt_decor_one_mirror
D:2:      layout_basic

Skill      XL: |  1 |
---------------+----+-----
Summonings     | 5 |  5.6
Dodging        | |  2.3
Stealth        | |  2.0
Spellcasting   | |  2.8

Action                   || total
-------------------------++-------
Melee: Unarmed           ||    19
       Kick              ||     6
       Peck              ||     4
 Cast: Summon Small Mamm ||    41
       Call Imp          ||    14
       Call Canine Famil ||     2
  Use: Scroll            ||     8
Armor: Robe              ||    14
Dodge: Dodged            ||    48

Table legend: (Time is in decaauts)
 A = Elapsed time spent in this place.
 B = Non-inter-level travel time spent in this place.
 C = Inter-level travel time spent in this place.
 D = Time resting spent in this place.
 E = Time spent auto-exploring this place.
 F = Levels seen in this place.
 G = Mean time per level.
                   A        B        C        D        E       F      G
               +--------+--------+--------+--------+--------+-----+--------+
         Total |   1969 |   1908 |     61 |      0 |   1500 |   2 |  984.5 |
       Dungeon |   1969 |   1908 |     61 |      0 |   1500 |   2 |  984.5 |
               +--------+--------+--------+--------+--------+-----+--------+

Top non-repeatable levels by time:
     D:1: 1190 daAuts
     D:2: 778 daAuts
